 Dungeon Crawl Stone Soup version 0.29.1-15-g9cfb28693d (webtiles) character file.

Game seed: 3607172915934929776

18 adizb the Trooper (level 2, -3/24 HPs)
             Began as a Demonspawn Fighter on Apr 28, 2023.
             Slain by Robin
             ... wielding a +0 short sword
              (4 damage)
             ... on level 2 of the Dungeon.
             The game lasted 00:02:10 (454 turns).

adizb the Trooper (Demonspawn Fighter)               Turns: 454, Time: 00:02:11

Health: -3/24      AC:  8    Str: 16    XL:     2   Next: 51%
Magic:  2/2        EV:  8    Int:  9    God:
Gold:   74         SH:  4    Dex: 12    Spells: 1/1 levels left

rFire   . . .      SeeInvis .   k - +1 flail (venom)
rCold   . . .      Faith    .   c - +0 buckler
rNeg    . . .      Spirit   .   b - +0 scale mail
rPois   .          Reflect  .   (no helmet)
rElec   .          Harm     .   l - +0 cloak
rCorr   .          Rampage  .   (no gloves)
Will    .....                   (no boots)
Stlth   ..........              (no amulet)
HPRegen 0.08/turn               (no ring)
MPRegen 0.08/turn               (no ring)

@: brilliant
A: rugged brown scales 1
a: no special abilities


You were on level 2 of the Dungeon.
You visited 1 branch of the dungeon, and saw 2 of its levels.

You collected 74 gold pieces.

Inventory:

Hand Weapons
 a - a +0 war axe
 k - a +1 flail of venom (weapon)
Armour
 b - a +0 scale mail (worn)
 c - a +0 buckler (worn)
 l - a +0 cloak (worn)
Scrolls
 f - a scroll of summoning {unknown}
 g - 2 scrolls of magic mapping {unknown}
 h - a scroll of enchant weapon {unknown}
 j - 4 scrolls of identify {unknown}
Potions
 d - a potion of might
 e - a potion of haste {unknown}
 i - a potion of brilliance


   Skills:
 * Level 3.4 Fighting
 + Level 2.1 Axes
 + Level 2.9 Armour
 - Level 2.6 Shields


You had one spell level left.
You didn't know any spells.
Your spell library was empty.

Dungeon Overview and Level Annotations

Branches:
Dungeon (2/15)

Altars:

Annotations:
D:2 Robin


Innate Abilities, Weirdness & Mutations

You are partially covered in rugged brown scales. (AC +1, +3% HP)


Message History

You kill the goblin!
Robin roars a battlecry!
The goblins go into a battle-frenzy!
The hobgoblin hits you.
You closely miss the hobgoblin. Robin throws the goblin at you!
You block the hobgoblin's attack. You block the goblin's attack.
You barely miss the hobgoblin.
The hobgoblin hits you but does no damage.
The goblin hits you with a +0 dagger.
Robin roars a battlecry!
You barely miss the hobgoblin.
The hobgoblin hits you but does no damage.
You block the goblin's attack.
A goblin comes into view. It is wielding a +0 club.
The hobgoblin hits you.
Robin says, "My goblins will feast on your bones."
The goblin hits you with a +0 dagger.
You closely miss the goblin. The hobgoblin closely misses you.
The goblin hits you with a +0 dagger.
You sock the goblin!
You kill the goblin!
You block the hobgoblin's attack. The hobgoblin attacks as you move away!
The hobgoblin hits you.
* * * LOW HITPOINT WARNING * * *
You see here a +0 dagger.
You sock the hobgoblin!
You kill the hobgoblin!
Robin closely misses you.
You hit Robin.
Robin is poisoned.
Robin is moderately wounded.
Robin barely misses you.
You hit Robin.
Robin is severely wounded.
Robin throws the goblin at you! The goblin closely misses you.
Robin barely misses you. The goblin hits you with a +0 club.
* * * LOW HITPOINT WARNING * * *
It was a potion of brilliance.
You feel clever all of a sudden. Robin hits you with a +0 short sword.
You die...

#.........# .. # ..........#
#. # #.#####.........# ###. #.
.#... #.)......# #... #. ...
#........# #...
#.###.####........# #...
#....<............#####...
#####......######.............
...........)g@g............[..
#####......######............#
#......# #............#
#......# ##############
########


You could see Robin (poisoned) and a goblin (strong).

Vanquished Creatures
  A dart slug (D:1)
  A ball python (D:1)
  2 giant cockroaches
  4 goblins
  A hobgoblin (D:2)
  3 jackals (D:1)
  A frilled lizard (D:1)
  A rat (D:1)
14 creatures vanquished.

Notes
Turn   | Place    | Note
-------+----------+-------------------------------------------
     0 | D:1      | adizb the Demonspawn Fighter began the quest for the Orb.
     0 | D:1      | Reached XP level 1. HP: 18/18 MP: 1/1
   153 | D:1      | Gained mutation: You are partially covered in rugged brown
                  | scales. (AC +1, +3% HP) [demonic ancestry]
   153 | D:1      | Reached XP level 2. HP: 18/24 MP: 2/2
   436 | D:2      | Noticed Robin
   453 | D:2      | HP: 1/24 [goblin/+0 club[Robin] (6)]
   454 | D:2      | Slain by Robin

Illustrated notes

Levels and vault maps discovered:
D:1:      lightli_arrival_chessboard, layout_rooms
D:2:      layout_basic, uniq_robin

Skill      XL: |  1 |
---------------+----+-----
Axes           | 2 |  2.1
Fighting       | |  3.4
Armour         | |  2.9
Shields        | |  2.6

Action                   || total
-------------------------++-------
Melee: War axe           ||    14
       Flail             ||    29
  Use: Potion            ||     1
Armor: Scale mail        ||    28
Dodge: Dodged            ||    30
Block: Buckler           ||    13
